 Dungeon Crawl Stone Soup version 0.31-a0-851-g7ff8af7976 (webtiles) character file.

Game seed: 8497482825392104972

55 Nattfarinn the Changeling (level 4, -1/33 HPs)
             Began as a Formicid Shapeshifter on Oct 5, 2023.
             Slain by a gnoll
             ... wielding a +0 club
              (7 damage)
             ... on level 2 of the Dungeon.
             The game lasted 00:02:20 (1428 turns).

Nattfarinn the Changeling (Formicid Shapeshifter)   Turns: 1428, Time: 00:02:20

Health: -1/33      AC:  2    Str: 20    XL:     4   Next: 14%
Magic:  4/4        EV: 11    Int: 10    God:
Gold:   41         SH:  4    Dex: 13    Spells: 3/3 levels left

rFire   . . .        f - +4 short sword
rCold   . . .        e - +0 buckler
rNeg    . . .        a - +0 animal skin
rPois   .            (helmet unavailable)
rElec   .            (cloak currently unavailable)
rCorr   .            (gloves currently unavailable)
SInv    +            (boots currently unavailable)
Will    .....        (no amulet)
Stlth   +            (no ring)
HPRegen 0.25/turn    (no ring)
MPRegen 0.09/turn

%: no passive effects
@: beast-form
A: beast (slay +1), permanent stasis, dig shafts and tunnels, antennae 3, four
strong arms
a: Dig, Shaft Self, Begin Untransformation


You were on level 2 of the Dungeon.
You were a hulking beast.
You visited 1 branch of the dungeon, and saw 2 of its levels.

You collected 41 gold pieces.

Inventory:

Hand Weapons
 f - a +4 short sword (weapon)
Armour
 a - a +0 animal skin (worn)
 e - a +0 buckler (worn)
Talismans
 c - a beast talisman (active)
 d - a flux talisman
Scrolls
 g - a scroll of fear {unknown}
 h - a scroll of noise {unknown}
 i - a scroll of immolation {unknown}
 j - a scroll of vulnerability {unknown}
 k - a scroll of enchant armour {unknown}
 n - a scroll of fog {unknown}
Potions
 b - a potion of lignification
 m - a potion of cancellation {unknown}


   Skills:
 + Level 2.2 Fighting
 + Level 1.7 Armour
 - Level 1.7 Dodging
 * Level 3.0 Shields
 - Level 3.0 Unarmed Combat
 - Level 3.2 Shapeshifting


You had 3 spell levels left.
You didn't know any spells.
Your spell library was empty.

Dungeon Overview and Level Annotations

Branches:
Dungeon (2/15)

Altars:


Innate Abilities, Weirdness & Mutations

You are a hulking beast.
Your limbs bulge with bestial killing power. (Slay +1)
You cannot be hasted, slowed, berserked, paralysed or teleported.
You can dig through walls and to a lower floor.
You have a pair of large antennae on your head. (SInv)
Your four strong arms can wield two-handed weapons with a shield.


Message History

The gnoll hits you with a +0 spear.
You puncture the gnoll!
The gnoll is severely wounded.
The gnoll hits you with a +0 spear!
You hit the gnoll.
You kill the gnoll!
Throw: 2 javelins
Press: ? - help, Q - select action, (/) - cycle Shift-Dir - straight line, f - gnoll
Aim: a gnoll, wielding a +0 spear (61% to hit)
You throw a javelin. The javelin pierces through the gnoll!
The gnoll is almost dead.
You hear a shout!
Throw: javelin
Press: ? - help, Q - select action, (/) - cycle Shift-Dir - straight line, f/p - gnoll
Aim: a gnoll, wielding a +0 spear (almost dead, 61% to hit)
You throw a javelin. The javelin pierces through the gnoll.
You kill the gnoll!
Your Shields skill increases to level 3!
You have reached level 4!
You feel clever.
You now have 41 gold pieces (gained 23).
You see here a +0 spear.
You start resting.
A gnoll comes into view. It is wielding a +0 club.
Things that are here:
a +0 spear; 3 gold pieces
Okay, then.
A gnoll is nearby!
The gnoll hits you with a +0 club.
You hit the gnoll but do no damage. The gnoll hits you with a +0 club.
You are too injured to fight recklessly!
You barely miss the gnoll. The gnoll hits you with a +0 club.
You hit the gnoll.
The gnoll is moderately wounded.
The gnoll hits you with a +0 club!
* * * LOW HITPOINT WARNING * * *
You completely miss the gnoll.
The gnoll is moderately wounded.
The gnoll hits you with a +0 club!
You die...

..... #.# g...
#.########.. ...
#..#........ ..
##...#####.. # ##..#
.. #.)### #.# ##...#
#.# #.#)###.# .#
#.#h(##.# .#
..##g##.# .#
#######.##.##.#
..............#
########.....#######
.........>.......
#########.######
#.........#
#.........#


You could see a gnoll.

Vanquished Creatures
  2 gnolls (D:2)
  An adder (D:2)
  5 bats (D:1)
  An endoplasm (D:1)
  2 goblins (D:1)
  2 hobgoblins (D:1)
  3 kobolds (D:1)
  2 quokkas (D:1)
  6 ball pythons (D:1)
  A frilled lizard (D:1)
25 creatures vanquished.

Notes
Turn   | Place    | Note
-------+----------+-------------------------------------------
     0 | D:1      | Nattfarinn the Formicid Shapeshifter began the quest for
                  | the Orb.
     0 | D:1      | Reached XP level 1. HP: 15/15 MP: 1/1
   198 | D:1      | Reached skill level 1 in Shields
   198 | D:1      | Reached XP level 2. HP: 18/21 MP: 2/2
   273 | D:1      | Reached skill level 1 in Armour
   495 | D:1      | Reached XP level 3. HP: 27/27 MP: 3/3
  1418 | D:2      | Reached XP level 4. HP: 19/33 MP: 4/4
  1428 | D:2      | Slain by a gnoll

Illustrated notes

Levels and vault maps discovered:
D:1:      spicycebolla_green_bress_n_ham_2, layout_basic
D:2:      layout_basic, feat_on_display

Skill      XL: |  1  2  3 |
---------------+----------+-----
Shields        | 1 2 3 |  3.0
Armour         | 1 |  1.7
Fighting       | 2 |  2.2
Dodging        | |  1.7
Unarmed Combat | |  3.0
Shapeshifting  | |  3.2

Action                     |  1- 3 |  4- 6 || total
---------------------------+-------+-------++-------
  Melee: Unarmed           |    22 |       ||    22
         Short sword       |    42 |     4 ||    46
  Throw: Javelin           |     5 |       ||     5
   Stab: Sleeping          |     3 |       ||     3
 Armour: Animal skin       |    34 |     5 ||    39
  Dodge: Dodged            |    24 |       ||    24
  Block: Buckler           |    19 |       ||    19

Table legend: (Time is in decaauts)
 A = Elapsed time spent in this place.
 B = Non-inter-level travel time spent in this place.
 C = Inter-level travel time spent in this place.
 D = Time resting spent in this place.
 E = Time spent auto-exploring this place.
 F = Levels seen in this place.
 G = Mean time per level.
                   A        B        C        D        E       F      G
               +--------+--------+--------+--------+--------+-----+--------+
         Total |   1431 |   1423 |      8 |    303 |    932 |   2 |  715.5 |
       Dungeon |   1431 |   1423 |      8 |    303 |    932 |   2 |  715.5 |
               +--------+--------+--------+--------+--------+-----+--------+

Top non-repeatable levels by time:
     D:1: 960 daAuts
     D:2: 471 daAuts
